 Dungeon Sprint DCSS version 0.30-a0-341-g682706514a (webtiles) character file.

Game seed: 2468496268143996910

8300000 p00ps00p the Ninja (level 27, -2/249 HPs)
             Began as a Demonspawn Gladiator on Nov 4, 2022.
             Was the Champion of Makhleb.
             Killed by divine providence
             ... invoked by an accursed
              (10 damage)
             ... in the Dungeon (Sprint VIII: "Arena of Blood").
             The game lasted 00:12:37 (83 turns).

p00ps00p the Ninja (Demonspawn Gladiator)             Turns: 83, Time: 00:12:38

Health: -2/249     AC: 10    Str: 27    XL:     27
Magic:  0/54       EV: 28    Int: 10    God:    Makhleb [******]
Gold:   0          SH:  0    Dex: 16    Spells: 80/80 levels left

rFire   . . .      SeeInvis +    k - +∞ Axe of Woe
rCold   . . .      Faith    .    (shield currently unavailable)
rNeg    . . .      Spirit   +    a - +0 leather armour
rPois   .          Reflect  .    (helmet unavailable)
rElec   +          Harm     .    (no cloak)
rCorr   .          Rampage  .    (no gloves)
Will    ++...      NoTele   +    (no boots)
Stlth   +++++++++.               (no amulet)
HPRegen 0.61/turn                l - +250 ring of slaying
MPRegen 0.68/turn                m - +250 ring of slaying

@: marked
A: antennae 3, thin metallic scales 3, ignite blood 3, augmentation 3, magic
shield, magic regeneration, magic link
a: Renounce Religion, Minor Destruction, Lesser Servant of Makhleb, Major
Destruction, Greater Servant of Makhleb


You were in the Dungeon.
You worshipped Makhleb.
Makhleb was exalted by your worship.
You visited 1 branch

Inventory:

Hand Weapons
 k - the +∞ Axe of Woe (weapon)
   (You found it in the Dungeon)
Missiles
 c - 3 throwing nets (quivered)
 d - a javelin
Armour
 a - a +0 leather armour (worn)
 b - a +0 helmet
Jewellery
 g - a +30 ring of slaying
 i - a +30 ring of slaying
 l - a +250 ring of slaying (left hand)
 m - a +250 ring of slaying (right hand)
Potions
 e - a potion of curing
 h - 2 potions of magic


   Skills:
 O Level 27 Fighting
 + Level 22.0(25.5) Short Blades
 + Level 22.0(25.5) Long Blades
 O Level 27 Axes
 O Level 27 Maces & Flails
 O Level 27 Polearms
 O Level 27 Staves
 + Level 22.0 Ranged Weapons
 O Level 27 Throwing
 O Level 27 Armour
 O Level 27 Dodging
 O Level 27 Stealth
 + Level 22.0 Shields
 O Level 27 Unarmed Combat
 O Level 27 Spellcasting
 + Level 22.2 Conjurations
 + Level 22.2 Hexes
 + Level 22.2 Summonings
 + Level 23.9 Necromancy
 + Level 20.5 Translocations
 + Level 20.5 Transmutations
 + Level 20.6 Fire Magic
 + Level 20.5 Ice Magic
 + Level 20.5 Air Magic
 + Level 20.5 Earth Magic
 + Level 22.2 Poison Magic
 O Level 27 Invocations
 + Level 22.2 Evocations


You had 80 spell levels left.
You didn't know any spells.
Your spell library was empty.

Dungeon Overview and Level Annotations

Branches:
Dungeon (1/1)

Altars:
Makhleb

Annotations:
D The Captor


Innate Abilities, Weirdness & Mutations

You have a pair of large antennae on your head. (SInv)
You are completely covered in thin metallic scales. (AC +4, rElec)
Your demonic aura causes all spilled blood to erupt in flames.
Your magical and physical power is greatly enhanced at high health.
When hurt, damage is shared between your health and your magic reserves.
You regenerate magic rapidly.
When low on magic, you restore magic in place of health.


Message History

The destroyer gestures at you while chanting.
The destroyer blinks!
The wretched soul is engulfed in blazing flames.
You hear a shout! x2
The sculptor of flesh is engulfed in blazing flames.
The bag of meat misses you. The destroyer casts a spell at you.
The destroyer blinks!
The bag of meat is engulfed in blazing flames.
You hear a shout!
The destroyer is engulfed in blazing flames.
The destroyer gestures at you while chanting.
The destroyer blinks!
The bag of meat is engulfed in blazing flames.
The dread calls on the powers of darkness!
The eight-headed meat hydra convulses!
The bag of meat convulses! x3
Your body is wracked with pain!
* * * LOW HITPOINT WARNING * * *
The bag of meat convulses! x2; The Captor convulses!
The bag of meat convulses! x2
You hear a shout!
A bag of meat comes into view. It is wielding a +9 war axe.
You hear a shout!
The meat berserker is engulfed in blazing flames.
The meat berserker rages.
The eight-headed meat hydra calls on the powers of darkness!
The eight-headed meat hydra convulses!
The bag of meat convulses! x2
Your body is wracked with pain!
* * * LOW HITPOINT WARNING * * *
The bag of meat convulses!
The Captor convulses!
The bag of meat convulses! x2
You hear a shout!
The Captor points at you and mumbles some strange words.
The stream of webbing misses you.
The stream of webbing hits the destroyer but does no damage.
The destroyer is caught in a web!
The large abomination is engulfed in blazing flames.
The sculptor of flesh is engulfed in blazing flames.
You hear a shout!
The accursed gestures at you while chanting.
Something smites you!
You die...

###.°○#....○....X.XXO
##....OD#☼........O..V
....○.o...§○°....WXL..{
..#.ooVM☼.W○......X2..{{{
.Mo#oo§.o○.§#{...z.o# {{
°..2o☼#2§z..#X...o..# o o
...#○oO2W○###Lo.....###..
...)°oVo☼V°o§WD###)......
..☼o§o)#@z☼☼.§.)_o§......
§....#Vo°°o°☼#..)))#.....
###°oOo@V☼o.§#_.<)_# ....
..O.#oo°....#.....# ...
...XoXX#zM..☼☼.._........
...☼o.○LXX...°.###.......
....W.X§§###oW. ..D###..


O.X.oVoXM #... ...# . #.......# You could see 4 accurseds, 2 tentacled
monstrosities, 3 meat beasts, 2 tyrants, 2 eight-headed meat hydras, 6
destroyers, 3 sculptors of flesh, 6 large abominations, 2 dreads, 5 meat
berserkers, 3 wretched souls, The Captor (fast) and 24 bags of meat.

Vanquished Creatures
  5 hell beasts (D)
  2 royal mummies (D)
  2 wraiths (D)
  16 vampire knights (D)
  30 ogres (D)
  3 two-headed ogres (D)
  A lich (D)
  2 phantoms (D)
  22 orcs (D)
  4 skeletal warriors (D)
87 creatures vanquished.

Vanquished Creatures (others)
  An ogre (D)
  2 two-headed ogres (D)
  A hydra (D)
  4 orcs (D)
8 creatures vanquished.

Grand Total: 95 creatures vanquished

Notes
Turn   | Place    | Note
-------+----------+-------------------------------------------
     0 | D        | Found the +∞ Axe of Woe
     0 | D        | p00ps00p the Demonspawn Gladiator began the quest for the
                  | Orb.
     0 | D        | Reached XP level 1. HP: 16/16 MP: 1/1
     0 | D        | Noticed a bag of meat
     2 | D        | Noticed a bag of meat
     3 | D        | Noticed a bag of meat
     3 | D        | Noticed a bag of meat
     4 | D        | Became a worshipper of Makhleb the Destroyer
     6 | D        | Killed a bag of meat
     6 | D        | Killed a bag of meat
     6 | D        | Reached * piety under Makhleb
     6 | D        | Noticed a bag of meat
     7 | D        | Gained mutation: You have a pair of small antennae on your
                  | head. [demonic ancestry]
     7 | D        | Reached XP level 2. HP: 41/41 MP: 2/2
     7 | D        | Gained mutation: You regenerate magic rapidly. [demonic
                  | ancestry]
     7 | D        | Reached XP level 3. HP: 47/47 MP: 3/3
     7 | D        | Gained mutation: Your demonic aura sometimes causes spilled
                  | blood to erupt in flames. [demonic ancestry]
     7 | D        | Reached XP level 4. HP: 54/54 MP: 4/4
     7 | D        | Reached XP level 5. HP: 60/60 MP: 5/5
     7 | D        | Reached XP level 6. HP: 67/67 MP: 6/6
     7 | D        | Reached XP level 7. HP: 73/73 MP: 7/7
     7 | D        | Reached XP level 8. HP: 80/80 MP: 8/8
     7 | D        | Gained mutation: You have a pair of antennae on your head.
                  | [demonic ancestry]
     7 | D        | Reached XP level 9. HP: 86/86 MP: 9/9
     7 | D        | Reached XP level 10. HP: 93/93 MP: 10/10
     7 | D        | Gained mutation: You are partially covered in thin metallic
                  | scales. (AC +2) [demonic ancestry]
     7 | D        | Reached XP level 11. HP: 99/99 MP: 11/11
     7 | D        | Noticed a meat berserker
     9 | D        | Killed a meat berserker
     9 | D        | Noticed a bag of meat
    10 | D        | Reached skill level 15 in Fighting
    10 | D        | Reached skill level 15 in Stealth
    10 | D        | Gained mutation: You are mostly covered in thin metallic
                  | scales. (AC +3) [demonic ancestry]
    10 | D        | Reached XP level 12. HP: 111/111 MP: 12/12
    10 | D        | Gained mutation: When hurt, damage is shared between your
                  | health and your magic reserves. [demonic ancestry]
    10 | D        | Reached XP level 13. HP: 117/117 MP: 13/13
    10 | D        | Killed a bag of meat
    10 | D        | Killed a bag of meat
    10 | D        | Reached ** piety under Makhleb
    10 | D        | Noticed a bag of meat
    11 | D        | Noticed a bag of meat
    12 | D        | Noticed a meat berserker
    13 | D        | Killed a bag of meat
    14 | D        | Gained mutation: Your demonic aura often causes spilled
                  | blood to erupt in flames. [demonic ancestry]
    14 | D        | Reached XP level 14. HP: 130/130 MP: 14/14
    14 | D        | Killed a bag of meat
    14 | D        | Noticed a meat berserker
    14 | D        | Noticed a meat berserker
    14 | D        | Noticed a bag of meat
    15 | D        | Noticed a meat berserker
    16 | D        | Killed a meat berserker
    16 | D        | Reached *** piety under Makhleb
    16 | D        | Killed a meat berserker
    16 | D        | Killed a bag of meat
    16 | D        | Killed a bag of meat
    16 | D        | Reached **** piety under Makhleb
    17 | D        | Gained mutation: Your magical and physical power is
                  | slightly enhanced at high health. [demonic ancestry]
    17 | D        | Reached XP level 15. HP: 45/144 MP: 4/15
    17 | D        | Killed a meat berserker
    17 | D        | Killed a meat berserker
    17 | D        | Noticed a meat berserker
    18 | D        | Gained mutation: You have a pair of large antennae on your
                  | head. (SInv) [demonic ancestry]
    18 | D        | Reached XP level 16. HP: 154/157 MP: 5/16
    18 | D        | Noticed a meat berserker
    18 | D        | Noticed a meat berserker
    19 | D        | Killed a meat berserker
    20 | D        | Killed a meat berserker
    20 | D        | Reached ***** piety under Makhleb
    21 | D        | Gained mutation: Your magical and physical power is
                  | enhanced at high health. [demonic ancestry]
    21 | D        | Reached XP level 17. HP: 122/169 MP: 5/17
    21 | D        | Killed a meat berserker
    22 | D        | Noticed a meat berserker
    24 | D        | Noticed a meat berserker
    24 | D        | Noticed a meat berserker
    28 | D        | Noticed a sculptor of flesh
    29 | D        | Noticed a meat berserker
    30 | D        | Killed a sculptor of flesh
    30 | D        | Killed a meat berserker
    31 | D        | Reached skill level 27 in Fighting
    31 | D        | Reached skill level 27 in Stealth
    31 | D        | Gained mutation: Your demonic aura causes all spilled blood
                  | to erupt in flames. [demonic ancestry]
    31 | D        | Reached XP level 18. HP: 182/182 MP: 8/18
    31 | D        | Noticed a destroyer
    31 | D        | Killed a meat berserker
    31 | D        | Reached ****** piety under Makhleb
    32 | D        | Reached skill level 27 in Unarmed Combat
    32 | D        | Noticed a sculptor of flesh
    32 | D        | Killed a meat berserker
    33 | D        | Reached skill level 27 in Armour
    33 | D        | Reached skill level 27 in Dodging
    33 | D        | Killed a meat berserker
    33 | D        | Killed a sculptor of flesh
    33 | D        | Killed a destroyer
    34 | D        | Gained mutation: You are completely covered in thin
                  | metallic scales. (AC +4, rElec) [demonic ancestry]
    34 | D        | Reached XP level 19. HP: 189/189 MP: 7/19
    34 | D        | Noticed a large bag of meat
    35 | D        | Killed a large bag of meat
    35 | D        | Noticed a meat berserker
    36 | D        | Reached skill level 27 in Axes
    37 | D        | Noticed a meat berserker
    38 | D        | Noticed a large bag of meat
    41 | D        | Noticed an accursed
    42 | D        | Killed a meat berserker
    45 | D        | Killed a meat berserker
    46 | D        | Reached skill level 15 in Invocations
    48 | D        | Killed an accursed
    49 | D        | Reached XP level 20. HP: 182/197 MP: 7/38
    49 | D        | Noticed a tyrant
    49 | D        | Noticed an accursed
    52 | D        | Reached skill level 15 in Maces & Flails
    52 | D        | Reached skill level 15 in Polearms
    52 | D        | Reached skill level 15 in Throwing
    52 | D        | Reached skill level 15 in Spellcasting
    54 | D        | Noticed a meat berserker
    56 | D        | Noticed a meat berserker
    59 | D        | Killed a large bag of meat
    60 | D        | Killed a tyrant
    63 | D        | Killed a meat berserker
    64 | D        | Noticed a dread
    64 | D        | Noticed a dread
    64 | D        | Noticed an accursed
    65 | D        | Noticed a tyrant
    65 | D        | Noticed a destroyer
    66 | D        | Noticed a meat berserker
    66 | D        | Noticed a dread
    66 | D        | Killed a meat berserker
    66 | D        | Noticed a destroyer
    66 | D        | Noticed a meat beast
    67 | D        | Reached XP level 21. HP: 197/204 MP: 12/43
    67 | D        | Noticed a meat beast
    67 | D        | Noticed a destroyer
    68 | D        | Noticed a meat beast
    68 | D        | Noticed a destroyer
    68 | D        | Noticed a destroyer
    69 | D        | Noticed a destroyer
    69 | D        | Noticed a destroyer
    69 | D        | Noticed a destroyer
    69 | D        | Noticed a destroyer
    69 | D        | Noticed a large bag of meat
    69 | D        | Noticed a destroyer
    69 | D        | Noticed a destroyer
    69 | D        | Noticed a destroyer
    69 | D        | Noticed a destroyer
    69 | D        | Noticed an accursed
    69 | D        | Noticed The Captor
    69 | D        | Noticed a dread
    69 | D        | Noticed a destroyer
    69 | D        | Noticed a large bag of meat
    70 | D        | Noticed a destroyer
    70 | D        | Killed a destroyer
    70 | D        | Noticed a meat beast
    70 | D        | Noticed an accursed
    71 | D        | Reached skill level 27 in Invocations
    71 | D        | Killed a destroyer
    71 | D        | Killed a destroyer
    71 | D        | Killed a destroyer
    71 | D        | Killed a destroyer
    71 | D        | Noticed a meat beast
    72 | D        | Reached XP level 22. HP: 212/212 MP: 2/52
    72 | D        | Killed a destroyer
    73 | D        | Reached skill level 27 in Maces & Flails
    73 | D        | Reached skill level 27 in Polearms
    73 | D        | Reached skill level 27 in Throwing
    73 | D        | Reached skill level 27 in Spellcasting
    73 | D        | Killed a destroyer
    73 | D        | Killed a meat beast
    73 | D        | Killed a destroyer
    74 | D        | Reached skill level 27 in Staves
    74 | D        | Gained mutation: Your magical and physical power is greatly
                  | enhanced at high health. [demonic ancestry]
    74 | D        | Reached XP level 23. HP: 82/219 MP: 0/54
    74 | D        | Noticed a destroyer
    75 | D        | Killed a destroyer
    75 | D        | Killed a meat beast
    76 | D        | Reached XP level 24. HP: 64/227 MP: 0/54
    76 | D        | Killed a destroyer
    76 | D        | Killed a destroyer
    76 | D        | Killed a large bag of meat
    76 | D        | Noticed a destroyer
    77 | D        | Reached skill level 15 in Necromancy
    77 | D        | Reached XP level 25. HP: 52/234 MP: 1/54
    77 | D        | Killed a destroyer
    77 | D        | Killed a destroyer
    77 | D        | Noticed a destroyer
    78 | D        | Reached skill level 15 in Short Blades
    78 | D        | Reached skill level 15 in Long Blades
    78 | D        | Reached skill level 15 in Ranged Weapons
    78 | D        | Reached skill level 15 in Shields
    78 | D        | Reached skill level 15 in Conjurations
    78 | D        | Reached skill level 15 in Hexes
    78 | D        | Reached skill level 15 in Summonings
    78 | D        | Reached skill level 15 in Poison Magic
    78 | D        | Reached skill level 15 in Evocations
    78 | D        | Killed a meat beast
    78 | D        | Killed a meat beast
    78 | D        | Killed a destroyer
    78 | D        | Noticed a meat beast
    78 | D        | Noticed a destroyer
    78 | D        | Noticed a large bag of meat
    79 | D        | Reached XP level 26. HP: 98/242 MP: 0/54
    79 | D        | Killed a dread
    79 | D        | Noticed a tyrant
    80 | D        | Killed a meat beast
    80 | D        | Killed a destroyer
    80 | D        | Noticed a meat beast
    81 | D        | Gained mutation: When low on magic, you restore magic in
                  | place of health. [demonic ancestry]
    81 | D        | Reached XP level 27. HP: 27/249 MP: 1/54
    81 | D        | Killed a large bag of meat
    81 | D        | Killed a large bag of meat
    82 | D        | Killed an accursed
    82 | D        | Killed a dread
    82 | D        | Noticed a meat beast
    82 | D        | Noticed an accursed
    83 | D        | Noticed a destroyer
    83 | D        | Noticed a destroyer
    83 | D        | HP: 8/249 [??? (5)]
    83 | D        | Killed from afar by an accursed

Illustrated notes

Levels and vault maps discovered:
D:        meatsprint

Skill      XL: |  1  2  3  4  5  6  7  8  9 10 11 12 13 14 15 16 17 18 19 20 21 22 23 24 25 26 27 |
---------------+----------------------------------------------------------------------------------+-----
Fighting       | 13 15 18 21 23 25 27 | 27.0
Armour         | 12 14 16 19 21 23 25 27 | 27.0
Dodging        | 12 14 16 20 21 23 26 27 | 27.0
Stealth        | 13 15 18 21 23 25 27 | 27.0
Unarmed Combat | 12 14 16 20 21 23 26 27 | 27.0
Axes           | 25 27 | 27.0
Maces & Flails | 14 18 26 27 | 27.0
Polearms       | 14 18 26 27 | 27.0
Throwing       | 14 19 26 27 | 27.0
Spellcasting   | 14 18 26 27 | 27.0
Invocations    | 19 25 27 | 27.0
Staves         | 27 | 27.0
Short Blades   | 8 12 14 18 20 22 | 22.0
Long Blades    | 8 12 14 18 20 22 | 22.0
Ranged Weapons | 8 12 14 18 20 22 | 22.0
Shields        | 8 12 14 18 20 22 | 22.0
Conjurations   | 8 12 14 18 20 22 | 22.2
Hexes          | 8 12 14 18 20 22 | 22.2
Summonings     | 8 12 14 18 20 22 | 22.2
Necromancy     | 9 13 15 20 22 23 | 23.9
Translocations | 7 11 13 17 19 20 | 20.5
Transmutations | 7 11 13 17 19 20 | 20.5
Fire Magic     | 7 11 13 17 19 20 | 20.6
Ice Magic      | 7 11 13 17 19 20 | 20.5
Air Magic      | 7 11 13 17 19 20 | 20.5
Earth Magic    | 7 11 13 17 19 20 | 20.5
Poison Magic   | 8 12 14 18 20 22 | 22.2
Evocations     | 8 12 14 18 20 22 | 22.2

Action                   |  1- 3 |  4- 6 |  7- 9 | 10-12 | 13-15 | 16-18 | 19-21 | 22-24 | 25-27 || total
-------------------------+-------+-------+-------+-------+-------+-------+-------+-------+-------++-------
Melee: Executioner's axe |     1 |       |       |     1 |     5 |    10 |    14 |     5 |     5 ||    41
  Use: Potion            |     1 |       |       |       |     1 |       |       |       |     1 ||     3
       Scroll            |       |       |       |       |       |       |     1 |       |       ||     1
Dodge: Dodged            |       |       |       |     1 |     2 |       |       |     1 |     2 ||     6

Table legend: (Time is in decaauts)
 A = Elapsed time spent in this place.
 B = Non-inter-level travel time spent in this place.
 C = Inter-level travel time spent in this place.
 D = Time resting spent in this place.
 E = Time spent auto-exploring this place.
 F = Levels seen in this place.
 G = Mean time per level.
                   A        B        C        D        E       F      G
               +--------+--------+--------+--------+--------+-----+--------+
         Total |     68 |     68 |      0 |      0 |      0 |   1 |   68.0 |
       Dungeon |     68 |     68 |      0 |      0 |      0 |   1 |   68.0 |
               +--------+--------+--------+--------+--------+-----+--------+

Top non-repeatable levels by time:
       D: 68 daAuts
